 Dungeon Crawl Stone Soup version 0.25.1-2-g60ff931df9 (webtiles) character file.

Game seed: 13439031202149159636

22 DildoBatman the Magician (level 3, -1/24 HPs)
             Began as a Formicid Wizard on Sept 11, 2020.
             Slain by a hound (5 damage)
             ... on level 4 of the Dungeon.
             The game lasted 00:02:52 (1055 turns).

DildoBatman the Magician (Formicid Wizard)          Turns: 1055, Time: 00:02:52

Health: -1/24      AC:  2    Str: 11    XL:     3   Next: 7%
Magic:  1/7        EV: 12    Int: 18    God:
Gold:   58         SH:  0    Dex:  9    Spells: 7/8 levels left

rFire    . . .     SeeInvis +   e - +0 dagger
rCold    . . .     Gourm    .   (no shield)
rNeg     . . .     Faith    .   a - +0 robe
rPois    .         Spirit   .   (helmet unavailable)
rElec    .         Reflect  .   (no cloak)
rCorr    .         Harm     .   (no gloves)
MR       .....                  (no boots)
Stlth    ++........             (no amulet)
HPRegen  0.08/turn              (no ring)
MPRegen  0.10/turn              (no ring)

@: stab
A: permanent stasis, dig shafts and tunnels, four strong arms, antennae 3
a: Dig, Shaft Self


You were on level 4 of the Dungeon.
You were not hungry.

You visited 1 branch of the dungeon, and saw 3 of its levels.

You collected 58 gold pieces.

Inventory:

Hand Weapons
 e - a +0 dagger (weapon)
Missiles
 c - 11 bolts
 k - 4 stones (quivered)
 m - 22 sling bullets
Armour
 a - a +0 robe (worn)
 g - a +0 kite shield
Scrolls
 j - a scroll of enchant armour
 l - a scroll of magic mapping {unknown}
Potions
 d - 2 potions of stabbing
 h - 2 potions of haste
Comestibles
 i - a chunk of flesh
 v - 2 rations


   Skills:
 - Level 1.7 Dodging
 - Level 2.4 Stealth
 - Level 3.2 Spellcasting
 * Level 2.5 Conjurations
   Level 1.0 Summonings
   Level 0.8 Translocations


You had 7 spell levels left.
You knew the following spells:

 Your Spells              Type           Power        Failure   Level  Hunger
c - Magic Dart            Conj           ##..         6%          1    None

Your spell library contained the following spells:

 Spells                   Type           Power        Failure   Level  Hunger
 Call Imp                 Summ           #.......     16%         2    ##.....
 Slow                     Hex            #.......     24%         2    ##.....
 Conjure Flame            Conj/Fire      #.......     28%         3    ###....
 Mephitic Cloud           Conj/Pois/Air  #.......     34%         3    ###....
 Blink                    Tloc           Unusable     N/A         2    N/A

Dungeon Overview and Level Annotations

Branches:
Dungeon (2/15)

Altars:
Elyvilon


Innate Abilities, Weirdness & Mutations

You cannot be hasted, slowed, berserked, paralysed or teleported.
You can dig through walls and to a lower floor.
Your four strong arms can wield two-handed weapons with a shield.
You have a pair of large antennae on your head. (SInv)


Message History

The hound is heavily wounded.
The hound closely misses you.
It was a potion of berserk rage.
Your stasis prevents you from going berserk.
The hound misses you. The hound closely misses you.
It was a potion of stabbing.
You feel ready to backstab. The hound closely misses you.
You hit the hound but do no damage.
The hound is heavily wounded.
The hound bites you. x2
It was a potion of haste.
Your stasis prevents you from being hasted.
The hound bites you.
As you read the scroll labeled XUGIAVVO WICO, it crumbles to dust.
It is a scroll of identify.
j - a scroll of enchant armour The hound bites you.
You die...

##... .# ## #####...####
##.## #. ......h....# #... #
#. ####...##.# #..#
#.##.#######.###.# #..#
#..........#># #.# #..######
.............# #.# ##........
####.#####.#####.###...######
#. #......@hZ....# #.
#######.##....# #. #.#######
#. #.# #. #.# #. #.# ..# ###


You could see a hound and an adder skeleton.

Vanquished Creatures
  A dart slug (D:1)
  2 leopard geckos (D:1)
  A ball python (D:1)
  3 giant cockroaches
  2 goblins (D:1)
  A hobgoblin (D:1)
  2 kobolds (D:1)
  A bat (D:1)
  2 frilled lizards (D:1)
  2 rats (D:1)
17 creatures vanquished.

Notes
Turn   | Place    | Note
-------+----------+-------------------------------------------
     0 | D:1      | DildoBatman the Formicid Wizard began the quest for the
                  | Orb.
     0 | D:1      | Reached XP level 1. HP: 13/13 MP: 4/4
    58 | D:1      | Reached skill level 1 in Conjurations
   259 | D:1      | Reached XP level 2. HP: 19/19 MP: 3/6
   975 | D:2      | Found a white marble altar of Elyvilon.
   979 | D:2      | You fall into a shaft and drop 2 floors!
  1006 | D:4      | Reached XP level 3. HP: 24/24 MP: 5/7
  1055 | D:4      | Slain by a hound

Illustrated notes

Levels and vault maps discovered:
D:1:      wheals_arrival_shading, layout_basic
D:2:      layout_rooms, elyvilon_altar_4, minmay_misc_feat_cross, minivault_25,
          eino_curves_04, grunt_ministairs_13
D:4:      layout_loops_ring, lemuel_crystal_altar, minmay_temple_entry_wispy,
          uniq_crazy_yiuf_cottage, uniq_duvessa, uniq_menkaure, uniq_eustachio

Skill      XL: |  1  2 |
---------------+-------+-----
Conjurations   | 1 2 |  2.5
Dodging        | |  1.7
Stealth        | |  2.4
Spellcasting   | |  3.2
Summonings     | |  1.0
Translocations | |  0.8

Action                   || total
-------------------------++-------
Melee: Dagger            ||     8
 Cast: Magic Dart        ||    49
 Abil: Dig               ||     1
  Use: Potion            ||     3
       Scroll            ||     1
Armor: Robe              ||     1
Dodge: Dodged            ||    14
